 Dungeon Crawl Stone Soup version 0.28.0-45-g0d030f2227 (webtiles) character file.

Game seed: 5438120300303353856

804 cbfl8 the Chopper (level 7, 0/61 HPs)
             Began as a Minotaur Delver on Apr 16, 2022.
             Succumbed to a water moccasin's poison
             ... on level 6 of the Dungeon.
             The game lasted 00:07:08 (4958 turns).

cbfl8 the Chopper (Minotaur Delver)                 Turns: 4958, Time: 00:07:09

Health: 0/61       AC: 12    Str: 25    XL:     7   Next: 60%
Magic:  6/6        EV:  9    Int:  7    God:
Gold:   104        SH:  0    Dex: 11    Spells: 6/6 levels left

rFire   . . .      SeeInvis .   q - +2 hand axe (vorpal)
rCold   + . .      Faith    .   (no shield)
rNeg    + . .      Spirit   .   p - +3 chain mail {rC+}
rPois   .          Reflect  .   (helmet restricted)
rElec   .          Harm     .   (no cloak)
rCorr   .          Rampage  .   (no gloves)
Will    .....                   (no boots)
Stlth   ..........              (no amulet)
HPRegen 0.20/turn               h - ring of positive energy
MPRegen 0.10/turn               m - +6 ring of strength

@: lethally poisoned (0 -> -11)
A: horns 2, retaliatory headbutt
a: no special abilities


You were on level 6 of the Dungeon.
You visited 1 branch of the dungeon, and saw 6 of its levels.

You collected 104 gold pieces.

Inventory:

Hand Weapons
 a - a +0 hand axe
 q - a +2 vorpal hand axe (weapon)
Armour
 b - a +0 leather armour
 j - a +0 scale mail
 p - a +3 chain mail of cold resistance (worn)
Jewellery
 h - a ring of positive energy (left hand)
 m - a +6 ring of strength (right hand)
Wands
 g - a wand of digging (3)
 k - a wand of acid (15)
 l - a wand of polymorph (7)
Scrolls
 c - 2 scrolls of fog
 d - a scroll of magic mapping
 i - 2 scrolls of enchant armour
 n - a scroll of silence {unknown}
 o - 3 scrolls of blinking {unknown}
 s - a scroll of vulnerability {unknown}
 t - 4 scrolls of teleportation {unknown}
 u - a scroll of summoning {unknown}
 v - 2 scrolls of enchant weapon {unknown}
 w - a scroll of noise {unknown}
 y - a scroll of identify {unknown}
Potions
 f - a potion of degeneration {unknown}
 r - a potion of ambrosia {unknown}
 x - 2 potions of curing
 z - 2 potions of lignification {unknown}


   Skills:
 + Level 5.4 Fighting
 + Level 6.8 Axes
 + Level 5.1 Armour
 + Level 2.8 Dodging
 + Level 5.0 Stealth


You had 6 spell levels left.
You didn't know any spells.
Your spell library contained the following spells:

 Spells                   Type           Power      Damage    Failure   Level
 Summon Small Mammal      Summ           0%         N/A       96%         1
 Ensorcelled Hibernation  Hex/Ice        0%         N/A       99%         2
 Call Canine Familiar     Summ           0%         N/A       100%        3
 Spider Form              Tmut/Pois      0%         N/A       100%        3
 Summon Guardian Golem    Hex/Summ       0%         N/A       100%        3
 Anguish                  Hex/Necr       0%         N/A       100%        4
 Animate Armour           Summ/Erth      0%         N/A       100%        4
 Blade Hands              Tmut           0%         N/A       100%        5
 Iron Shot                Conj/Erth      0%         9d1       100%        6


Dungeon Overview and Level Annotations

Branches:
Dungeon (6/15)
 Temple: D:4-7

Altars:

Shops:
D:2 =   D:5 *   D:6 :


Innate Abilities, Weirdness & Mutations

You have a pair of horns on your head.
You reflexively headbutt those who attack you in melee.


Message History

* * * LOW HITPOINT WARNING * * *
You barely miss the water moccasin.
The water moccasin is lightly wounded.
You feel sick. The water moccasin closely misses you.
You closely miss the water moccasin.
The water moccasin is lightly wounded.
You feel sick.
The water moccasin bites you but does no damage.
The water moccasin barely misses you.
You miss the water moccasin. You headbutt the water moccasin.
The water moccasin is moderately wounded.
You feel sick.
The water moccasin bites you but does no damage.
You slash the water moccasin!
Your headbutt misses the water moccasin.
The water moccasin is heavily wounded.
You feel sick.
The water moccasin bites you but does no damage.
The water moccasin closely misses you. You furiously retaliate!
You headbutt the water moccasin! You closely miss the water moccasin.
The water moccasin is almost dead.
The water moccasin bites you.
* * * LOW HITPOINT WARNING * * *
You are lethally poisoned!
The water moccasin poisons you!
Unknown command.
You closely miss the water moccasin.
The water moccasin is almost dead.
* * * LOW HITPOINT WARNING * * *
You feel very sick.
The water moccasin bites you but does no damage.
You hit the water moccasin but do no damage.
The water moccasin is almost dead.
* * * LOW HITPOINT WARNING * * *
You feel sick.
The water moccasin bites you but does no damage.
You slash the water moccasin!
You kill the water moccasin!
You die...

...∩...
≈≈≈.≈≈≈
≈≈≈.≈≈≈
.≈≈.≈≈.
.......
#.....
#<...##
#.@#
.......†#
...##....
. #[.....
##....#.
##..##..
##.# ..
... .≈


There were no monsters in sight!

Vanquished Creatures
  A water moccasin (D:6)
  2 black bears
  An ogre (D:5)
  2 scorpions
  A water moccasin zombie (D:5)
  3 hounds
  An iguana (D:5)
  3 orc wizards
  A hound skeleton (D:5)
  3 gnolls (D:2)
  3 adders (D:5)
  A white imp (D:4)
  An adder skeleton (D:4)
  A worm (D:2)
  4 dart slugs
  9 orcs
  5 endoplasms
  4 giant cockroaches
  7 goblins
  4 hobgoblins
  2 quokkas
  5 ball pythons
  6 bats
  3 frilled lizards
  8 kobolds
  6 rats
  A spectral goblin (D:1)
88 creatures vanquished.

Notes
Turn   | Place    | Note
-------+----------+-------------------------------------------
     0 | D:5      | cbfl8 the Minotaur Delver began the quest for the Orb.
     0 | D:5      | Reached XP level 1. HP: 19/19 MP: 0/0
    32 | D:5      | Noticed an iguana
   112 | D:5      | Found Roliorets's Assorted Antiques.
   170 | D:4      | Noticed a hound
   178 | D:4      | Killed a hound
   179 | D:4      | Reached XP level 2. HP: 8/27 MP: 1/1
   179 | D:4      | Reached XP level 3. HP: 10/33 MP: 2/2
   218 | D:4      | Noticed a black bear
   568 | D:2      | You fall into a shaft and drop 1 floor!
   918 | D:1      | Reached skill level 5 in Stealth
   966 | D:1      | Reached skill level 3 in Axes
  1016 | D:1      | Found a faded altar of an unknown god.
  1165 | D:1      | Reached XP level 4. HP: 40/40 MP: 3/3
  1640 | D:2      | Reached skill level 1 in Armour
  1925 | D:2      | Found Veoklac's Jewellery Boutique.
  2629 | D:3      | Reached skill level 4 in Axes
  2629 | D:3      | Reached XP level 5. HP: 38/46 MP: 4/4
  3158 | D:4      | Killed a black bear
  3159 | D:4      | Reached skill level 5 in Axes
  3159 | D:4      | Reached XP level 6. HP: 42/53 MP: 5/5
  3639 | D:5      | Reached skill level 5 in Fighting
  3733 | D:5      | Reached skill level 6 in Axes
  3733 | D:5      | Reached XP level 7. HP: 25/61 MP: 6/6
  4785 | D:5      | Reached skill level 5 in Armour
  4943 | D:6      | Found Vami's Self-Improvement Boutique.
  4957 | D:6      | HP: 2/61 [poisoned by a water moccasin]
  4958 | D:6      | Succumbed to a water moccasin's poison

Illustrated notes

Levels and vault maps discovered:
D:1:      nicolae_arrival_somewhat_less_tricky_arrival, layout_basic,
          dreamdust_ecumenical_altar_drowned_temple, corner_web_ring,
          minmay_tree_intersection
D:2:      layout_basic, serial_shops, shop
D:3:      layout_basic, serial_curves, eino_curves_03, eino_curves_01
D:4:      layout_loops_cross, minmay_misc_feat_doors,
          amcnicky_mini_corridor_feature, minmay_statues_item
D:5:      layout_loops_corners, serial_shops, shop, minmay_door_square,
          minmay_misc_feat_rugged, minmay_joined_circles
D:6:      layout_cave_pools, mainiacjoe_overflow_catwalk,
          minmay_temple_entry_wispy, ebering_ghost_disaster_area,
          small_statue_intersection, nicolae_shop_self_help

Skill      XL: |  1  2  3  4  5  6  7 |
---------------+----------------------+-----
Stealth        | 5 |  5.0
Axes           | 3 4 5 6 |  6.8
Fighting       | 4 5 |  5.4
Armour         | 1 3 4 5 |  5.1
Dodging        | |  2.8

Action                   |  1- 3 |  4- 6 |  7- 9 || total
-------------------------+-------+-------+-------++-------
Melee: Hand axe          |    60 |    92 |    74 ||   226
       Headbutt          |     5 |    16 |     7 ||    28
       Punch             |       |       |     2 ||     2
  Use: Potion            |     1 |       |     1 ||     2
       Scroll            |       |       |     2 ||     2
Armor: Scale mail        |    23 |       |       ||    23
       Chain mail        |    15 |    53 |    42 ||   110
Dodge: Dodged            |    36 |    53 |    23 ||   112
